[Event "Rohde op 12th"]
[Site "Sautron"]
[Date "2012.11.01"]
[Round "7"]
[White "Le Roux, Jean Pierre"]
[Black "Oleksienko, Mikhailo"]
[Result "0-1"]
[ECO "A61"]
[WhiteElo "2563"]
[BlackElo "2539"]
[Annotator "Primel,D"]
[PlyCount "64"]
[EventDate "2012.10.27"]
[EventType "swiss"]
[EventRounds "9"]
[EventCountry "FRA"]
[SourceTitle "EXT 2014"]
[Source "ChessBase"]
[SourceDate "2013.11.20"]
[SourceVersion "1"]
[SourceVersionDate "2013.11.20"]
[SourceQuality "1"]
[TimeControl "40/5400+30:1800+30"]
[WhiteClock "1:30:00"]
[BlackClock "1:30:00"]

1. d4 Nf6 2. c4 c5 3. d5 e6 4. Nf3 d6 5. Nc3 exd5 6. cxd5 g6 7. h3 {[%emt 0:01:45][%cal Gc1f4] Une ligne
secondaire dans la Benoni} Bg7 8. Bf4 O-O 9. e3 a6 10. a4 Qe7 11. Be2 Nbd7 12.
O-O Rb8 (12... Ne8 13. Re1 (13. Nd2 )) 13. a5 (13. Re1 Ne8 14. e4 (14. Nd2)) 13... Ne8 14. Nd2 Nc7 ({RR} 14... Ne5 15. Na4 Bd7 16. Nb6 Bb5 17. Re1 f5 18. Qb3 Nc7 19. Ndc4 Nf7 20.
Rad1 Qf6 21. Bg3 Rbd8 22. Na4 Na8 23. Nc3 Bxc4 24. Bxc4 Rb8 25. Na4 Ne5 26. Bf1
Qd8 27. Nb6 Nxb6 28. axb6 Qe7 29. Bxe5 {Parligras,M (2650)-Gashimov,V (2757)/
Porto Carras 2011/CBM 146/0-1 (51)}) 15. Nc4 Ne5 16. Nb6 Na8 $5 $146 ({RR} 16... Nd7 17.
Nca4 Be5 18. Nxd7 Bxd7 19. Nxc5 Bxf4 20. Nxd7 Qxd7 21. exf4 Qf5 22. Rc1 Ne8 23.
Qd4 Qf6 24. Qb4 Qd8 25. Rc3 b6 26. axb6 Rxb6 27. Qa5 Nf6 28. b3 Qb8 29. Bf3
Rxb3 30. Rxb3 Qxb3 31. Qxa6 {Chirila,I (2539)-Leon Hoyos,M (2569)/Richardson
2012/CBM 147 Extra/1-0 (44)}) 17. Nxa8 (17. Nca4 ) 17... Rxa8 18. Bg3 Rb8 19. f4 Nd7 20. e4 b5 (20... Bxc3 {Risqué mais peut-être jouable} 21. bxc3 Qxe4
22. Bf3 (22. Qd2) 22... Qf5 (22... Qe3+ 23. Kh2 Qxc3 24. Bh4 $44 )) 21. Bf3 c4 $132 22. Bf2 (22. e5 $6 dxe5 (22... Nc5 23. Bf2
(23. Ne4 Nxe4 (23... dxe5 $2 24. d6)) 23... Nd3 $36 ) 23. d6) 22...
g5 $1 (22... Bb7 23. Qd2 Rbc8 24. e5 $5 Rfe8 (24...
dxe5 25. d6) 25. Rae1 $36) 23. e5 $5 {[%emt 0:04:10] Le guingampais sent que
les Noirs commencent а prendre l'initiative et ils préfèrent essayer
d'attaquer avant que les Noirs n'aient terminé le développement.} (23. Qd2 {
[%cal Ga1e1] Plus solide} gxf4 24. Qxf4 Ne5 $36 ) (
23. Ba7 Ra8 24. Bd4 gxf4 25. Bxg7 Kxg7 26. Qd2 $44 ) 23... gxf4 24. exd6 Qxd6 25. Ne4 Qg6 26. Re1 (26. Qd2 Ne5 $17 ) 26... Ne5 $36 27. Bh5 Qh6 28. Bc5 $2 (28. g4 $17 {Trés moche mais c'était aussi plus solide que Bc5
qui permet une fourchette}) 28... Nd3 29. Be7 Bf5 $19 30. Nd6 Bg6 31. Bf3 Rfd8 32. h4 Rxd6 0-1

[Event "Sautron op 14th"]
[Site "Sautron"]
[Date "2014.10.27"]
[Round "4"]
[White "Barbot, Pierre"]
[Black "Lagarde, Maxime"]
[Result "1/2-1/2"]
[ECO "A61"]
[WhiteElo "2440"]
[BlackElo "2566"]
[Annotator "RR"]
[PlyCount "35"]
[EventDate "2014.10.26"]
[EventType "swiss"]
[EventRounds "9"]
[EventCountry "FRA"]
[SourceTitle "EXT 2015"]
[Source "ChessBase"]
[SourceDate "2014.11.20"]
[SourceVersion "1"]
[SourceVersionDate "2014.11.20"]
[SourceQuality "1"]
[TimeControl "40/5400+30:1800+30"]

1. d4 Nf6 2. c4 c5 {[%emt 0:
01:00] Le GMI joue plus souvent la Gruenfeld mais Pierre la connait bien} 3. d5 e6 4. Nc3 exd5 5. cxd5 d6 6. Nf3 g6 7. Bf4 (7. e4) (7. Nd2) 7... Bg7 (7... a6 8. a4 Bg7 9. h3 O-O 10. e3 Ne8 11. Be2 Nd7 12. O-O Rb8 13. Nd2
Ne5 14. a5 f5 15. Bg3 Bd7 16. Qb3 b5 17. axb6 Rxb6 18. Qc2 Bb5 19. Nxb5 axb5
20. Nb3 {Sargissian,G (2690)-Short,N (2646) Douglas PokerStars op 2014 (8) 0-1}
(20. Ra7 Nc7 21. Rfa1 {Arsovic inf 122})) 8. Qa4+ $5 {[%emt 0:00:04] Un coup
intermédiaire devenu populaire à haut niveau qui force la réponse Bd7 pour
désorganiser la défense Noire} Bd7 (8... Kf8 $6 9. e4 a6 10.
Be2 $14 {Kalantarian,N (2455)-Emms,J (2535) Paris Apsap 1994 (3) 1-0}) 9. Qb3 b5 (9... Qc7 $143 10. e4 O-O 11.
Nd2 Nh5 12. Be3 f5 13. exf5 gxf5 14. Be2 Be8 15. Nf3 $16 {Piket,J (2630)-Van
Wely,L (2655) Monaco m Monte Carlo 1997 (7) 1-0}) 10. Bxd6 {[%emt 0:13:09]
Après une longue réflexion, les Blancs évitent de rentrer dans les
complications de la variante 10.Nb5} (10. Nxb5 Bxb5 11. Qxb5+ Nbd7 12. Bxd6 Ne4
$13 {Polgar,Z (2495)-Illescas Cordoba,M (2505) Bilbao 1987 0-1}) 10... Qb6 11. Be5 O-O 12. e3 c4 13. Qb4 $6 $146 (13. Qd1 b4 (13...
Na6 14. Be2 b4 (14... Rfe8)) 14. Ne2 Bb5 15. Ned4 Nbd7 16. Nxb5 Qxb5 17. Bd4
Qxd5 18. Be2 Nb6 19. O-O Rac8 20. Rc1 Rfd8 21. Qe1 c3 22. bxc3 bxc3 23. Ba6 Rc7
24. Rxc3 Rxc3 25. Qxc3 Ne4 26. Qa3 Bxd4 27. Nxd4 Qc5 28. Qxc5 Nxc5 29. Bb5 Ne6
30. Nxe6 fxe6 31. Rc1 Rd2 32. a4 Ra2 33. g3 a6 34. Bxa6 Rxa4 35. Bb5 Ra5 36.
Be2 Nd7 37. Rc7 Nf8 38. Bc4 Ra4 39. Kg2 Rb4 40. h4 h6 41. f4 h5 42. Kf3 Ra4 {
Aronian,L (2805)-Gashimov,V (2761) Wijk aan Zee 2012 1-0}) 13... a5 $1 14. Qd6 Qb7 (14... Qxd6 15. Bxd6 Re8 $11) 15. Rd1 (15. a4 $1 b4
16. Nb5 Bxb5 17. Bxf6) 15... Ra6 16. Qc5 (16.
Qc7 Qa8) 16... b4 17. Nb1 Rc8 $17 {[%emt 0:
15:34][%csl Gb4,Gc4,Re1] Les Noirs ont profité de la position aventureuse de
la Q} 18. Qd4 {[%emt 0:00:32] Une nulle de salon entre coéquipiers mais une
partie intéressante} 1/2-1/2

[Event "Sautron op 14th"]
[Site "Sautron"]
[Date "2014.10.25"]
[Round "5"]
[White "Dumitrache, Dragos Nicolae"]
[Black "Stephan, Victor"]
[Result "1/2-1/2"]
[ECO "A61"]
[WhiteElo "2413"]
[BlackElo "2331"]
[Annotator "RR"]
[PlyCount "79"]
[EventDate "2014.10.26"]
[EventType "swiss"]
[EventRounds "9"]
[EventCountry "FRA"]
[SourceTitle "EXT 2015"]
[Source "ChessBase"]
[SourceDate "2014.11.20"]
[SourceVersion "1"]
[SourceVersionDate "2014.11.20"]
[SourceQuality "1"]
[TimeControl "40/5400+30:1800+30"]
[WhiteClock "0:41:21"]
[BlackClock "0:05:07"]

1. d4 Nf6 2. c4 c5 3. d5 e6 4. Nc3 exd5 5. cxd5 d6 6. Nf3 g6 7. Bf4 Bg7 8. h3 (8. Qa4+ Bd7 9. Qb3 $36) 8... O-O 9. e3 $5 {
[%emt 0:00:03] Evite le contre-jeu habituel des Noirs sur le P"e4"} a6 (9... Na6 10. Be2 Nc7 11. O-O a6 12. a4 Rb8 13. a5 b5 14. axb6
Rxb6 $132 {Melkumyan,H (2600)-Jobava,B (2713) Lake Sevan Martuni 2011 (7) 0-1})
10. a4 Qe7 (10... Ne8 11. Be2 Nd7 12. O-O Rb8
13. Nd2 Ne5 14. a5 f5 15. Bg3 Bd7 16. Qb3 b5 17. axb6 Rxb6 18. Qc2 Bb5 19. Nxb5
axb5 20. Nb3 g5 21. Na5 f4 22. Bh2 Nc7 23. Rfd1 Kh8 24. Qe4 Qf6 25. exf4 gxf4
26. Nb3 Na6 27. Nd2 c4 28. Qb1 Nc5 29. Ne4 Nxe4 30. Qxe4 Rb7 31. Ra5 Nd7 32. b4
cxb3 33. Bd3 Qh6 34. Qb4 Nc5 35. Bb1 Be5 36. Rxb5 Rg7 37. Be4 Nxe4 38. Qxe4
Qxh3 39. Kh1 Qh5 {0-1 (39) Sargissian,G (2690)-Short,N (2646) Douglas 2014})
11. Nd2 Nbd7 12. Be2 Ne8 13. O-O f5 {[%emt 0:01:05] Dans l'esprit de
la défense Benoni mais affaiblissant} 14. Nc4 Ne5 15. Bxe5 $5 $146 {[%emt 0:11:36][%csl Gc4] Il ne s'agissait
pas d'une préparation puisque les Blancs ont dépensé près de 12 mns sur
cette position mais le Nc4 peut dominer l'aile-dame.} (15. Nb6 Rb8 16. Bh2 Nf6
17. Kh1 Nfd7 18. Nxc8 Rbxc8 19. Re1 c4 20. f4 Nd3 21. Bxd3 cxd3 22. Qxd3 Bxc3
23. bxc3 Nc5 24. Qe2 Ne4 25. c4 Rc5 26. g4 Qh4 27. Kg2 Rfc8 28. Rec1 b5 29.
axb5 axb5 30. Ra7 bxc4 31. Rf1 Rxd5 32. Qf3 c3 33. gxf5 gxf5 34. Kh1 Rd2 35.
Rg1+ Kh8 36. Rg2 c2 37. Rxd2 c1=Q+ 38. Bg1 Qxd2 {0-1 (38) Fressinet,L (2696)
-Battaglini,G (2452) Bastia 2011}) 15... Bxe5 16. Qd2 Rb8 17. Rab1 (17. Nb6 Qc7 (
17... Nf6 ) 18. a5 $14) 17... Nf6 18. Nxe5 Qxe5 19. b4 Nd7 20. a5 cxb4 21. Na4 $44 Nc5 22. Rxb4 (22. Qxb4 Nxa4
23. Qxa4 $14) 22... Nxa4 23. Rxa4 b5 24. axb6 Rxb6 25. Qa5 Qb2 26. Bd3 $1 Bd7 27. Ra2 (27. Rb1 $143 Qxb1+ 28. Bxb1
Rxb1+ 29. Kh2 Bxa4 30. Qxa4 Ra8 $132 31. Qd7 a5 32. Qe6+ Kh8 33.
Qxd6 a4 ) 27... Qb4 28. Qxb4 Rxb4 29. Rxa6 Rf6 30.
Rc1 $36 Rb7 {[%emt 0:00:43] Les R Noires sont mal placées et
la partie a basculé} 31. Ra8+ Rf8 32. Ba6 $1 Rxa8 33. Bxb7 Ra7 34. Rc7 Be8 35. Rc8 Rxb7 36. Rxe8+ Kf7 37. Re6
$1 Rb6 38. Kh2 Ra6 39. g4 {[%emt 0:01:28] Un échange qui simplifie la défense des Noirs}
(39. Kg3 ) 39... fxg4 40. hxg4 1/2-1/2